[Event "Titled Tuesday Blitz May 9 Late 2023"]
[White "Qiao, Cindy"]
[Black "Ibadov, Dashgyn"]
[WhiteFideId "2620243"]
[BlackFideId "24107514"]
[WhiteElo "1777"]
[BlackElo "2208"]
[Result "1/2-1/2"]
[Round "07"]
[TimeControl "180+2"]
[Date "2023.05.09"]
[WhiteClock "0:00:11"]
[BlackClock "0:00:06"]

1. d4 Nf6 2. Bf4 d5 3. e3 c5 4. c3 Nc6 5. Nf3 cxd4 6. exd4 Bg4 7. Nbd2 e6 8. Be2 Be7 9. O-O O-O 10. h3 Bxf3 11. Nxf3 Ne4 12. Bd3 Bd6 13. Bxd6 Nxd6 14. Re1 Re8 15. Ne5 Nxe5 16. Rxe5 b5 17. Qh5 g6 18. Qh6 Qf6 19. Rae1 a5 20. a3 Rab8 21. R5e3 b4 22. axb4 axb4 23. Rf3 Qg7 24. Qf4 Red8 25. Ra1 bxc3 26. bxc3 Rbc8 27. Ra6 Qf8 28. Bc2 Qe7 29. h4 Nb5 30. Qd2 Qxh4 31. Rh3 Qf6 32. Qh6 Qg7 33. Qd2 Rc7 34. Rb6 Nd6 35. Bd3 Nc4 36. Bxc4 Rxc4 37. Rb7 Rdc8 38. Qf4 g5 39. Qd6 g4 40. Rg3 h5 41. Qf4 Rxc3 42. Rxc3 Rxc3 43. Rb8+ Kh7 44. Rb7 Kg6 45. g3 Qf6 46. Qd2 Qf3 47. Rb8 Rd3 48. Rg8+ Kh7 49. Rh8+ Kxh8 50. Qh6+ Kg8 51. Qg5+ Kf8 52. Qd8+ Kg7 53. Qg5+ Kh8 54. Qh6+ Kg8 55. Qg5+ Kh7 56. Qxh5+ Kg7 57. Qg5+ Kf8 58. Qd8+ Kg7 59. Qg5+ Kh7 60. Qh5+ Kg7 61. Qg5+ 1/2-1/2


[Site "https://www.chess.com"]

[Event "Titled Tuesday Blitz May 9 Late 2023"]
[White "Marcziter, Dmitrii"]
[Black "Sanhueza, Cristian"]
[WhiteFideId "13900765"]
[BlackFideId "116815"]
[WhiteElo "2162"]
[BlackElo "2174"]
[Result "1-0"]
[Round "07"]
[TimeControl "180+2"]
[Date "2023.05.09"]
[WhiteClock "0:00:02"]
[BlackClock "0:00:03"]

1. e4 b6 2. d4 Bb7 3. Bd3 e6 4. Qe2 c5 5. c3 cxd4 6. cxd4 Nc6 7. Nf3 Nf6 8. a3 Be7 9. Nc3 d6 10. O-O h6 11. Bf4 Nh5 12. Be3 e5 13. Rad1 exd4 14. Nxd4 Nxd4 15. Qxh5 Ne6 16. Nd5 O-O 17. f4 Bf6 18. b4 Bxd5 19. exd5 Bd4 20. Bxd4 Nxd4 21. f5 Qf6 22. Qg4 Rfe8 23. Rf4 Nb3 24. Bc4 Qc3 25. Bxb3 Qxb3 26. f6 g6 27. Rdf1 Re5 28. Rc4 Rae8 29. h4 h5 30. Qf4 Qe3+ 31. Qxe3 Rxe3 32. a4 Rd3 33. Rc7 a5 34. b5 Rxd5 35. Rb7 Rd2 36. Rc1 Rd4 37. Rcc7 Rf8 38. Rxb6 Rxa4 39. Rxd6 Rb4 40. b6 Rb8 41. Rdd7 R4xb6 42. Rxf7 a4 43. Rg7+ Kf8 44. Rcf7+ Ke8 45. Ra7 Kf8 46. Rh7 Rb1+ 47. Kh2 Kg8 48. Rag7+ Kf8 49. Rh8# 1-0


[Site "https://www.chess.com"]

[Event "Titled Tuesday Blitz May 9 Late 2023"]
[White "Moral Garcia, Serafin"]
[Black "Figorito, Nick"]
[WhiteFideId "2201925"]
[BlackFideId "30923689"]
[WhiteElo "2274"]
[BlackElo "2364"]
[Result "1-0"]
[Round "07"]
[TimeControl "180+2"]
[Date "2023.05.09"]
[WhiteClock "0:00:22"]
[BlackClock "0:00:04"]

1. c4 c6 2. e4 d5 3. exd5 cxd5 4. d4 Nf6 5. Nc3 Nc6 6. Bg5 dxc4 7. Bxc4 e6 8. Nf3 Be7 9. O-O O-O 10. Rc1 b6 11. Bd3 Bb7 12. a3 Rc8 13. Re1 Re8 14. Bc2 Nd5 15. Qd3 g6 16. Bxe7 Ncxe7 17. Ne2 Nf5 18. Bb3 Rxc1 19. Rxc1 Nh4 20. Nxh4 Qxh4 21. Qd2 Qf6 22. f3 Kg7 23. Bxd5 Bxd5 24. Nf4 Rd8 25. Qe3 Ba8 26. Ne2 Bb7 27. Rc7 Ba6 28. Nc3 Rxd4 29. Rxa7 Bc4 30. Ra4 b5 31. Rb4 Rd3 32. Qe1 h5 33. a4 h4 34. h3 Qd4+ 35. Kh2 Qf4+ 36. Kg1 Qd4+ 37. Qf2 Qxf2+ 38. Kxf2 Rd2+ 39. Kg1 bxa4 40. Rxc4 Rxb2 41. Nxa4 g5 42. Nxb2 1-0


[Site "https://www.chess.com"]

[Event "Titled Tuesday Blitz May 9 Late 2023"]
[White "Al-Saffar, Araz Basim Mohammed S"]
[Black "Seletsky, Grigory"]
[WhiteFideId "4801040"]
[BlackFideId "14112191"]
[WhiteElo "2304"]
[BlackElo "2491"]
[Result "0-1"]
[Round "07"]
[TimeControl "180+2"]
[Date "2023.05.09"]
[WhiteClock "0:01:12"]
[BlackClock "0:02:14"]

1. d4 c5 2. d5 e5 3. e4 d6 4. c4 Nf6 5. Nc3 Be7 6. g3 O-O 7. Bg2 Ne8 8. Nge2 Na6 9. O-O Nac7 10. f4 Bf6 11. f5 Bg5 12. h4 Bxc1 13. Qxc1 Rb8 14. a4 a6 15. g4 Qxh4 16. g5 h6 17. gxh6 Qxh6 18. Qxh6 gxh6 19. Kf2 Nf6 20. Bf3 b5 21. axb5 axb5 22. Ra7 Nfe8 23. Rg1+ Kh7 24. cxb5 Nxb5 25. Bh5 Nxa7 0-1


[Site "https://www.chess.com"]

[Event "Titled Tuesday Blitz May 9 Late 2023"]
[White "Ansh M Shah"]
[Black "Martic, Ivan"]
[WhiteFideId "25033379"]
[BlackFideId "929301"]
[WhiteElo "2084"]
[BlackElo "2360"]
[Result "1-0"]
[Round "07"]
[TimeControl "180+2"]
[Date "2023.05.09"]
[WhiteClock "0:00:06"]
[BlackClock "0:00:00"]

1. d4 d5 2. c4 Nc6 3. e3 e5 4. Nf3 Bb4+ 5. Bd2 Bxd2+ 6. Nbxd2 exd4 7. exd4 Nf6 8. cxd5 Nxd5 9. Bb5 Qe7+ 10. Ne5 O-O 11. Bxc6 bxc6 12. O-O Ba6 13. Re1 Qh4 14. Nxc6 Rae8 15. Nf3 Qh6 16. Qa4 Bb7 17. Rxe8 Rxe8 18. Nce5 Rd8 19. Qxa7 Ba8 20. Re1 f6 21. Ng4 Qf4 22. Ne3 Nb4 23. Qc5 Nd5 24. Qc1 Nxe3 25. Qxe3 Qg4 26. h3 Qg6 27. Qe6+ Qf7 28. Qxf7+ Kxf7 29. Rc1 Rd7 30. Kf1 Ke6 31. Ke2 Kd5 32. Kd3 Kd6 33. Ne1 Re7 34. f3 Bd5 35. b3 c6 36. Nc2 Rb7 37. Ne3 Be6 38. Rc5 g6 39. Nc4+ Kd7 40. Na5 Rb6 41. Kc3 Bd5 42. b4 Rb8 43. a3 Re8 44. Kd2 g5 45. Nc4 Rb8 46. Ne3 Be6 47. d5 cxd5 48. Nxd5 Rf8 49. Nb6+ Kd6 50. Na4 Ra8 51. Nc3 h5 52. a4 Rb8 53. Nb5+ Ke7 54. Kc3 h4 55. Nd4 1-0


[Site "https://www.chess.com"]

[Event "Titled Tuesday Blitz May 9 Late 2023"]
[White "Wizard_of_Odds"]
[Black "Prydun, Andriy"]
[BlackFideId "14145898"]
[WhiteElo "2339"]
[BlackElo "2164"]
[Result "1-0"]
[Round "07"]
[TimeControl "180+2"]
[Date "2023.05.09"]
[WhiteClock "0:00:22"]
[BlackClock "0:00:13"]

1. Nf3 Nf6 2. c4 c6 3. d4 d5 4. e3 e6 5. Nbd2 Nbd7 6. b3 g6 7. Bd3 b6 8. O-O Ba6 9. e4 dxe4 10. Nxe4 Nxe4 11. Bxe4 Rc8 12. Re1 Nf6 13. Bc2 Bg7 14. Ne5 Nd7 15. Nf3 O-O 16. Bg5 Qc7 17. Qd2 Rfe8 18. Rad1 Bb7 19. Bf4 Qd8 20. Bh6 Bh8 21. Qf4 Qf6 22. Qg3 Qe7 23. Bg5 Bf6 24. Qh4 c5 25. d5 Bxg5 26. Nxg5 Nf8 27. dxe6 f6 28. Ne4 Kg7 29. Nd6 Red8 30. Nxb7 Rxd1 31. Bxd1 Re8 32. Bf3 Nd7 33. Bc6 Rc8 34. Bxd7 Rc7 35. Qe4 1-0


[Site "https://www.chess.com"]

[Event "Titled Tuesday Blitz May 9 Late 2023"]
[White "Lacey, Patrick"]
[Black "Brueckner, Thomas"]
[WhiteFideId "2032007"]
[BlackFideId "4600452"]
[WhiteElo "2448"]
[BlackElo "2322"]
[Result "1-0"]
[Round "07"]
[TimeControl "180+2"]
[Date "2023.05.09"]
[WhiteClock "0:01:45"]
[BlackClock "0:00:05"]

1. Nf3 Nf6 2. c4 g6 3. Nc3 Bg7 4. g3 O-O 5. Bg2 d6 6. O-O Nc6 7. d3 Nh5 8. Bd2 f5 9. Rb1 a5 10. a3 f4 11. b4 axb4 12. axb4 Bg4 13. Nd5 fxg3 14. hxg3 Nd4 15. Nxd4 Bxd4 16. Ne3 Qd7 17. Bxb7 Rab8 18. Bd5+ Kh8 19. Nxg4 Qxg4 20. e3 Qxd1 21. Rfxd1 Bg7 22. Kg2 Nf6 23. Bf3 h5 24. Ra1 g5 25. Ra7 g4 26. Bc6 Rbc8 27. Rh1 Kg8 28. Bc3 e5 29. d4 1-0


[Site "https://www.chess.com"]

[Event "Titled Tuesday Blitz May 9 Late 2023"]
[White "FuenfgegenWilly"]
[Black "merinasian"]
[WhiteElo "2327"]
[BlackElo "2430"]
[Result "1-0"]
[Round "07"]
[TimeControl "180+2"]
[Date "2023.05.09"]
[WhiteClock "0:00:39"]
[BlackClock "0:00:20"]

1. Nf3 Nf6 2. b3 g6 3. Bb2 Bg7 4. g3 O-O 5. Bg2 d6 6. d4 e5 7. dxe5 Ng4 8. O-O Nc6 9. c4 Ngxe5 10. Nc3 Nxf3+ 11. exf3 Be6 12. f4 Qd7 13. Qd2 Bh3 14. Nd5 f6 15. Rfe1 Bxg2 16. Kxg2 f5 17. Re3 Rae8 18. Rae1 Rxe3 19. Rxe3 Bxb2 20. Qxb2 Qg7 21. Qe2 h6 22. h4 Kh7 23. h5 Rf7 24. hxg6+ Qxg6 25. Re8 Nd4 26. Qe3 Qg7 27. Rc8 c6 28. Nc3 Re7 29. Qd3 h5 30. Nd1 Re4 31. Nc3 Re7 32. Nd1 h4 33. Ne3 hxg3 34. fxg3 Re4 35. Nxf5 Nxf5 36. Qxe4 Qxg3+ 37. Kf1 Qh3+ 38. Ke2 Qh2+ 39. Kd1 Qg1+ 40. Kc2 Qg6 41. Rc7+ Kg8 42. Kb2 Qf6+ 43. Ka3 Qf7 44. Rxf7 1-0


[Site "https://www.chess.com"]

[Event "Titled Tuesday Blitz May 9 Late 2023"]
[White "Urbina Perez, Juan Antonio"]
[Black "Smiechu"]
[WhiteFideId "2217368"]
[WhiteElo "2197"]
[BlackElo "2322"]
[Result "1-0"]
[Round "07"]
[TimeControl "180+2"]
[Date "2023.05.09"]
[WhiteClock "0:00:28"]
[BlackClock "0:01:13"]

1. d4 Nf6 2. Nf3 c5 3. g3 cxd4 4. Nxd4 Nc6 5. Bg2 g6 6. O-O Bg7 7. Nxc6 bxc6 8. c4 O-O 9. Nc3 Rb8 10. Qc2 d5 11. Bf4 Rb4 12. cxd5 cxd5 13. Rfd1 Qb6 14. b3 Bf5 15. Qd2 e6 16. Na4 Qa5 17. Bd6 Rxa4 18. bxa4 Qxd2 19. Rxd2 Rd8 20. Be7 Rc8 21. Rad1 Ne4 22. Bxe4 Bxe4 23. e3 Rc4 24. a5 Ra4 25. Bd8 Bc3 26. Rd3 Bxd3 27. Rxd3 Bxa5 28. Bf6 Rxa2 29. Rb3 Bb6 30. Rc3 Bd8 31. Rc8 1-0


[Site "https://www.chess.com"]

[Event "Titled Tuesday Blitz May 9 Late 2023"]
[White "Villuendas Valero, Adrian"]
[Black "De Souza, Cristiano Gomes"]
[WhiteFideId "2262460"]
[BlackFideId "2151758"]
[WhiteElo "2328"]
[BlackElo "2068"]
[Result "1-0"]
[Round "07"]
[TimeControl "180+2"]
[Date "2023.05.09"]
[WhiteClock "0:01:31"]
[BlackClock "0:01:53"]

1. d4 Nf6 2. Bg5 c5 3. d5 Qb6 4. Nc3 Qxb2 5. Bd2 Qb6 6. e4 d6 7. f4 g6 8. Nf3 Bg7 9. Rb1 Qd8 10. e5 dxe5 11. Bb5+ Bd7 12. fxe5 Ng4 13. e6 fxe6 14. Ng5 Bxb5 15. Nxe6 Qd6 16. Nxg7+ Kf7 17. Qxg4 Kxg7 18. Nxb5 Qe5+ 19. Qe2 Qxe2+ 20. Kxe2 Nd7 21. Nc7 Rac8 22. Rxb7 Nf6 23. Bc3 Kf7 24. Bxf6 Kxf6 1-0


[Site "https://www.chess.com"]

[Event "Titled Tuesday Blitz May 9 Late 2023"]
[White "Colpe, Malte"]
[Black "Abdi, Farzad"]
[WhiteFideId "24623075"]
[BlackFideId "2076829"]
[WhiteElo "2289"]
[BlackElo "2264"]
[Result "1-0"]
[Round "07"]
[TimeControl "180+2"]
[Date "2023.05.09"]
[WhiteClock "0:00:43"]
[BlackClock "0:00:01"]

1. d4 Nf6 2. c4 e6 3. Nf3 d5 4. g3 Bb4+ 5. Bd2 Bxd2+ 6. Nbxd2 O-O 7. Bg2 b6 8. cxd5 exd5 9. O-O Bb7 10. Ne5 c5 11. dxc5 bxc5 12. Nb3 c4 13. Nd4 Qb6 14. Qd2 Re8 15. Nef3 Nbd7 16. Nf5 g6 17. N5d4 Nc5 18. Qh6 Nce4 19. Rad1 Bc8 20. Ng5 Re5 21. Nxe4 dxe4 22. Qf4 Rf5 23. Nxf5 Bxf5 24. h3 Qxb2 25. Rb1 Qc3 26. Rfc1 Qd4 27. e3 Qd6 28. Qxd6 1-0


[Site "https://www.chess.com"]

[Event "Titled Tuesday Blitz May 9 Late 2023"]
[White "Nastase, Robert-Paul"]
[Black "Avalos Parra, Joao"]
[WhiteFideId "1221175"]
[BlackFideId "3402541"]
[WhiteElo "2175"]
[BlackElo "2173"]
[Result "1-0"]
[Round "07"]
[TimeControl "180+2"]
[Date "2023.05.09"]
[WhiteClock "0:00:08"]
[BlackClock "0:00:04"]

1. e4 e5 2. Nf3 Nc6 3. d4 exd4 4. Nxd4 Nf6 5. Nc3 Bb4 6. Nxc6 bxc6 7. Bd3 d5 8. exd5 O-O 9. O-O cxd5 10. h3 Rb8 11. Qf3 Bb7 12. Bg5 h6 13. Bh4 g5 14. Bg3 d4 15. Ne4 Bxe4 16. Bxe4 Nxe4 17. Qxe4 Re8 18. Qc6 Re6 19. Qc4 Ba5 20. Rad1 Bb6 21. c3 Re4 22. Qc6 Re6 23. Qc4 Qe8 24. cxd4 Rd8 25. d5 Re4 26. Qc6 Qe7 27. Qxh6 Re2 28. d6 cxd6 29. Bxd6 Qe6 30. Qxg5+ Kh7 31. Bg3 Rg8 32. Qh5+ Kg7 33. Rd6 Qe7 34. Qg4+ Kf8 35. Qf3 Ke8 36. Rd3 Re6 37. Qa8+ Bd8 38. Rfd1 Kf8 39. Rxd8+ Kg7 40. Rxg8+ Kf6 41. Qf3# 1-0


[Site "https://www.chess.com"]

[Event "Titled Tuesday Blitz May 9 Late 2023"]
[White "Chirivi C, Jenny Astrid"]
[Black "brm72"]
[WhiteFideId "4403061"]
[WhiteElo "2019"]
[BlackElo "2528"]
[Result "0-1"]
[Round "07"]
[TimeControl "180+2"]
[Date "2023.05.09"]
[WhiteClock "0:00:00"]
[BlackClock "0:00:04"]

1. d4 Nf6 2. c4 g6 3. Nc3 d5 4. Nf3 Bg7 5. Qb3 dxc4 6. Qxc4 O-O 7. e4 Nc6 8. Be2 Bg4 9. Be3 Bxf3 10. gxf3 e5 11. d5 Nd4 12. Bxd4 exd4 13. Qxd4 Re8 14. Qd2 Qd6 15. O-O-O a6 16. Kb1 b5 17. Rc1 Nh5 18. Nd1 Be5 19. Rc6 Qe7 20. Ne3 Bf4 21. Qc3 Be5 22. Qc2 Kh8 23. Ng4 Bg7 24. Rxc7 Qf8 25. Rc1 f5 26. exf5 gxf5 27. Ne3 Nf4 28. Bf1 Be5 29. Rc6 Rad8 30. Rxa6 b4 31. Rb6 Ra8 32. Bc4 Rec8 33. Qxf5 Qg7 34. Qg4 Bxb2 35. Qxg7+ Bxg7 36. Nf5 Bc3 37. Nd6 Rc7 38. Rb7 Rxb7 39. Nxb7 Rc8 40. d6 Rxc4 41. d7 Ne6 42. Rd1 Rc7 43. d8=Q+ Nxd8 44. Rxd8+ Kg7 45. Nd6 Rc6 46. Nf5+ Kf6 47. Ne3 Re6 48. Rf8+ Kg7 49. Rb8 Rg6 50. Rb7+ Kg8 51. Kc2 Rg1 52. Rb8+ Kg7 53. Rb7+ Kg8 54. Nd5 Be1 55. Nf6+ Kf8 56. Ne4 Rg2 57. Kd3 Bxf2 58. Rb8+ Ke7 59. Rxb4 Bh4 60. Rb7+ Ke6 61. a4 Be7 62. a5 Ra2 63. Rb5 Ra3+ 64. Ke2 Ra2+ 65. Ke3 Rxh2 66. a6 Ra2 67. Rb6+ Kd7 68. Rh6 Ra3+ 0-1


[Site "https://www.chess.com"]

[Event "Titled Tuesday Blitz May 9 Late 2023"]
[White "Yeritsyan, Hayk"]
[Black "Chabris, Christopher"]
[WhiteFideId "13307320"]
[BlackFideId "2005263"]
[WhiteElo "2471"]
[BlackElo "2339"]
[Result "0-1"]
[Round "07"]
[TimeControl "180+2"]
[Date "2023.05.09"]
[WhiteClock "0:00:07"]
[BlackClock "0:00:14"]

1. d4 Nf6 2. Nf3 e6 3. e3 d5 4. Bd3 b6 5. Ne5 Bb7 6. Nd2 Bd6 7. f4 a6 8. Qf3 c5 9. c3 Nc6 10. O-O Qc7 11. g4 O-O-O 12. g5 Ne8 13. a3 f6 14. Nxc6 Qxc6 15. gxf6 gxf6 16. Kh1 f5 17. b4 Nf6 18. bxc5 bxc5 19. Rb1 Ne4 20. Bxe4 fxe4 21. Qe2 c4 22. Rg1 Rhg8 23. Bb2 Qa4 24. Rxg8 Rxg8 25. Qd1 Qe8 26. Qe2 Bc6 27. Rg1 Rxg1+ 28. Kxg1 Ba4 29. Qg4 Bd7 30. Qg7 Qh5 31. Nf1 Qe2 32. Qg2 Qd3 33. Qg8+ Kc7 34. Qa8 Qc2 35. Qa7+ Kd8 36. Qxa6 Qxb2 37. Qxd6 Qxc3 38. Qb4 Qxb4 39. axb4 c3 40. Ng3 Bb5 41. Ne2 Bxe2 0-1


[Site "https://www.chess.com"]

[Event "Titled Tuesday Blitz May 9 Late 2023"]
[White "Dragomirescu, Calin"]
[Black "DubiousM0ves532"]
[WhiteFideId "1200895"]
[WhiteElo "2010"]
[BlackElo "2443"]
[Result "0-1"]
[Round "07"]
[TimeControl "180+2"]
[Date "2023.05.09"]
[WhiteClock "0:02:04"]
[BlackClock "0:01:47"]

1. d4 d5 2. c4 e6 3. Nf3 Nf6 4. g3 dxc4 5. Bg2 Bd7 6. Ne5 Bc6 7. Nxc6 Nxc6 8. e3 Qd7 9. O-O O-O-O 10. Qa4 Nd5 11. Nd2 Kb8 12. Qxc4 h5 13. h4 g5 14. Nf3 gxh4 15. Nxh4 Be7 16. e4 Nb6 17. Qd3 Nxd4 18. Nf3 Nxf3+ 19. Qxf3 h4 20. Bf4 h3 21. Bh1 h2+ 22. Kg2 e5 23. Be3 Qh3# 0-1


[Site "https://www.chess.com"]

[Event "Titled Tuesday Blitz May 9 Late 2023"]
[White "Ardila, Oscar Humberto"]
[Black "Martin Barcelo, Carles"]
[WhiteFideId "4404742"]
[BlackFideId "24561444"]
[WhiteElo "1918"]
[BlackElo "2089"]
[Result "0-1"]
[Round "07"]
[TimeControl "180+2"]
[Date "2023.05.09"]
[WhiteClock "0:00:00"]
[BlackClock "0:00:08"]

1. d4 d5 2. c4 e6 3. Nc3 Nf6 4. Bg5 h6 5. Bh4 Be7 6. e3 b6 7. Nf3 O-O 8. cxd5 Nxd5 9. Bxe7 Qxe7 10. Bd3 Nxc3 11. bxc3 c5 12. O-O Bb7 13. Ne5 Nd7 14. f4 Nf6 15. Qe2 Ne4 16. Rac1 Rfc8 17. Qc2 Nf6 18. Qb2 Be4 19. Qb1 Qb7 20. Bxe4 Nxe4 21. f5 Nd2 22. Qd3 Nxf1 23. Rxf1 exf5 24. Rxf5 Rc7 25. Qf1 f6 26. Ng4 Re8 27. d5 b5 28. Qf4 Rce7 29. Qg3 Kh8 30. Qh4 Qd7 31. Qh5 a5 32. h4 c4 33. Qg6 b4 34. Rh5 Rg8 35. cxb4 axb4 36. d6 Rf7 37. e4 Rd8 38. Nxh6 gxh6 39. Rxh6+ Rh7 40. Qxf6+ Kg8 41. Rg6+ Rg7 42. Rxg7+ Qxg7 43. Qxd8+ Kh7 44. Qc8 Qd4+ 45. Kh2 Qxd6+ 46. g3 c3 47. Kh3 Qd2 48. Qc7+ Kg6 49. Qc6+ Kf7 50. Qc7+ Ke6 51. Qc6+ Ke5 52. Qc7+ Kxe4 53. Qe7+ Kd3 54. Qxb4 c2 55. Qb5+ Ke3 56. Qc5+ Ke2 57. Qc4+ Qd3 58. Qe6+ Kd2 59. Qh6+ Kd1 60. Qh5+ Qe2 61. Qd5+ Ke1 0-1


[Site "https://www.chess.com"]

[Event "Titled Tuesday Blitz May 9 Late 2023"]
[White "Ingunza Curro, Andres"]
[Black "Sliwicki, Damian"]
[WhiteFideId "24526371"]
[BlackFideId "1127128"]
[WhiteElo "2247"]
[BlackElo "2030"]
[Result "0-1"]
[Round "07"]
[TimeControl "180+2"]
[Date "2023.05.09"]
[WhiteClock "0:01:17"]
[BlackClock "0:01:08"]

1. d4 e5 2. dxe5 Bc5 3. Nf3 d6 4. exd6 Ne7 5. e3 Bxd6 6. Be2 O-O 7. c4 Nbc6 8. Nc3 Bf5 9. O-O Ng6 10. b3 Nge5 11. Bb2 Qf6 12. Nd5 Nxf3+ 13. Bxf3 Qxb2 14. e4 Bg6 15. Rb1 Qe5 16. g3 Bxe4 0-1


[Site "https://www.chess.com"]

[Event "Titled Tuesday Blitz May 9 Late 2023"]
[White "Kostiukov, Alexandr"]
[Black "Koutsin"]
[WhiteFideId "14108100"]
[WhiteElo "2202"]
[BlackElo "2426"]
[Result "0-1"]
[Round "07"]
[TimeControl "180+2"]
[Date "2023.05.09"]
[WhiteClock "0:00:03"]
[BlackClock "0:00:36"]

1. g3 d5 2. Bg2 g6 3. d3 Bg7 4. e4 c6 5. Qe2 e6 6. Nf3 Nd7 7. O-O h6 8. c4 dxc4 9. dxc4 e5 10. b3 Ne7 11. Ba3 O-O 12. Rd1 Re8 13. Nc3 Qa5 14. Qb2 Nf8 15. Bd6 Bg4 16. b4 Qa6 17. Nxe5 Bxd1 18. Rxd1 Bxe5 19. Bxe5 Qxc4 20. Bf4 Kh7 21. h4 Rad8 22. Re1 Rd3 23. Nd1 Qd4 24. Qc1 Rd8 25. Ne3 Rc3 26. Qb2 Ne6 27. Nc2 Qd3 28. Rc1 Nxf4 29. gxf4 Qd2 30. h5 Rdd3 0-1


[Site "https://www.chess.com"]

[Event "Titled Tuesday Blitz May 9 Late 2023"]
[White "sebastianmarinp"]
[Black "Georg, Heinz"]
[BlackFideId "4607295"]
[WhiteElo "2420"]
[BlackElo "2301"]
[Result "0-1"]
[Round "07"]
[TimeControl "180+2"]
[Date "2023.05.09"]
[WhiteClock "0:00:00"]
[BlackClock "0:00:06"]

1. e4 c5 2. Nf3 Nc6 3. d4 cxd4 4. Nxd4 Nf6 5. Nc3 d6 6. Bg5 e6 7. Qd2 Be7 8. O-O-O a6 9. Kb1 Nxd4 10. Qxd4 b5 11. f3 Qc7 12. h4 h6 13. Be3 Bd7 14. g4 Bc6 15. Bh3 d5 16. g5 e5 17. Qd2 d4 18. gxf6 Bxf6 19. Bf2 dxc3 20. Qxc3 Rd8 21. Bc5 Bd7 22. Bxd7+ Rxd7 23. h5 Be7 24. Rxd7 Kxd7 25. Qd3+ Kc8 26. Bxe7 Qxe7 27. Qd5 Kb8 28. Rd1 Rc8 29. a3 Rc7 30. Qd8+ Qxd8 31. Rxd8+ Rc8 32. Rd7 Rc7 33. Rd6 Kb7 34. c3 Re7 35. Kc2 a5 36. Kd3 Kc7 37. Rd5 Kc6 38. Ke3 g6 39. hxg6 fxg6 40. f4 exf4+ 41. Kxf4 g5+ 42. Kf5 Re8 43. Rd1 Rf8+ 44. Kg6 Rg8+ 45. Kh5 g4 46. Kxh6 g3 47. Rg1 g2 48. Kh5 Kd6 49. Kh4 Ke5 50. Kh3 Kxe4 51. b3 Kd3 52. c4 bxc4 53. bxc4 Kxc4 54. Kh2 Kb3 55. Rb1+ Kxa3 56. Kg1 Ka2 57. Rb7 a4 58. Rb6 a3 59. Rb7 Rg3 60. Rb6 Rb3 0-1


[Site "https://www.chess.com"]

[Event "Titled Tuesday Blitz May 9 Late 2023"]
[White "Pein, Jonathan"]
[Black "Carrasco Miranda, Andres"]
[WhiteFideId "417092"]
[BlackFideId "3405990"]
[WhiteElo "2151"]
[BlackElo "2183"]
[Result "1-0"]
[Round "07"]
[TimeControl "180+2"]
[Date "2023.05.09"]
[WhiteClock "0:00:17"]
[BlackClock "0:00:10"]

1. e4 e5 2. Nf3 Nc6 3. Nc3 Nf6 4. d4 exd4 5. Nd5 h6 6. Bf4 d6 7. Nxd4 Nxd5 8. exd5 Ne5 9. Be2 Be7 10. Qd2 Bg5 11. O-O-O Bxf4 12. Qxf4 Qg5 13. Qxg5 hxg5 14. Nb5 Kd8 15. h3 Bd7 16. Nd4 Ke7 17. Rde1 Kf6 18. Rhf1 g6 19. f4 gxf4 20. Rxf4+ Kg7 21. Nf3 f5 22. Nxe5 dxe5 23. Rc4 Rac8 24. Bd1 Kf6 25. Re3 b6 26. Rec3 Ke7 27. Rxc7 Rxc7 28. Rxc7 Kd6 29. Rxa7 f4 30. c4 Bf5 31. b4 e4 32. Rb7 e3 33. Rxb6+ Ke5 34. a4 Rc8 35. Be2 Be4 36. Re6+ Kd4 37. Rxe4+ Kxe4 38. d6 Ke5 39. c5 Rb8 40. Bb5 g5 41. Kd1 g4 42. hxg4 Kd4 43. Ke2 Kc3 44. c6 Kxb4 45. c7 Rh8 46. d7 1-0


[Site "https://www.chess.com"]

[Event "Titled Tuesday Blitz May 9 Late 2023"]
[White "D`Arruda, Ricardo D."]
[Black "Zampronha, Wladimir Camilo"]
[WhiteFideId "100692"]
[BlackFideId "2103087"]
[WhiteElo "2410"]
[BlackElo "2176"]
[Result "1-0"]
[Round "07"]
[TimeControl "180+2"]
[Date "2023.05.09"]
[WhiteClock "0:00:18"]
[BlackClock "0:00:00"]

1. Nf3 Nf6 2. g3 e6 3. Bg2 d5 4. O-O Be7 5. d3 c5 6. Nbd2 Nc6 7. e4 O-O 8. Qe2 b5 9. e5 Nd7 10. a4 b4 11. h4 Ba6 12. Re1 c4 13. d4 c3 14. Qxa6 cxd2 15. Bxd2 Qb6 16. Qd3 a5 17. Bf1 Rfc8 18. b3 Rc7 19. Qe3 Rac8 20. Bd3 Nf8 21. Qf4 Ng6 22. Qg4 Bf8 23. h5 Nge7 24. Bh6 Kh8 25. Be3 Nd8 26. h6 g6 27. Bg5 Kg8 28. Bf6 Nf5 29. Kg2 Nxh6 30. Qh3 Nf5 31. Rh1 h6 32. Rad1 Rxc2 33. Bxc2 Rxc2 34. Rhe1 Rc3 35. g4 Nxd4 36. Rxd4 Rxf3 37. Qxf3 Qxd4 38. Bxd8 Bc5 39. Bf6 Qd2 40. Rd1 Qc2 41. Bh4 Bf8 42. Qd3 Qc7 43. Qe3 Bg7 44. Bg3 Qc2 45. Rc1 Qb2 46. Rc8+ Kh7 47. Qa7 Qc2 48. Qxf7 Qxc8 49. Qe7 Qc6 50. Bh4 Qc2 51. Bf6 Qe4+ 52. Kg1 Qxg4+ 53. Kf1 Qd1+ 54. Kg2 Qg4+ 55. Kh2 Qh5+ 56. Kg3 1-0


[Site "https://www.chess.com"]

[Event "Titled Tuesday Blitz May 9 Late 2023"]
[White "ElenGajger"]
[Black "Cooklev, Steven"]
[BlackFideId "2050552"]
[WhiteElo "2404"]
[BlackElo "2281"]
[Result "1-0"]
[Round "07"]
[TimeControl "180+2"]
[Date "2023.05.09"]
[WhiteClock "0:00:36"]
[BlackClock "0:00:00"]

1. e4 c5 2. Nc3 Nc6 3. Bb5 Nd4 4. Bc4 e6 5. Nf3 Nf6 6. O-O a6 7. d3 b5 8. Bb3 Nxb3 9. axb3 Bb7 10. Ne1 d6 11. f4 Be7 12. Nf3 Qc7 13. Bd2 O-O 14. Qe1 d5 15. e5 Nd7 16. Qg3 f5 17. exf6 Bxf6 18. Rae1 Rae8 19. Ne5 b4 20. Na4 Bxe5 21. fxe5 Rxf1+ 22. Rxf1 Qxe5 23. Qxe5 Nxe5 24. Nxc5 Bc8 25. Bxb4 Nc6 26. Bd2 e5 27. h3 Nd4 28. c3 Ne6 29. Nxe6 Bxe6 30. Be1 Bf7 31. Bg3 Bg6 32. Re1 e4 33. dxe4 Bxe4 34. Rf1 Rf8 35. Bf2 Rb8 36. b4 Rf8 37. Ra1 Rf6 38. Ra5 Kf7 39. b5 axb5 40. Rxb5 Ra6 41. Rb7+ Kg6 42. Bd4 Ra1+ 43. Kh2 Rb1 44. Rxg7+ Kf5 45. b4 Rb2 46. h4 h5 47. Rg5+ Kf4 48. Kh3 Rc2 49. b5 Rb2 50. b6 1-0


[Site "https://www.chess.com"]

[Event "Titled Tuesday Blitz May 9 Late 2023"]
[White "Vaglio Munoz, Jaime"]
[Black "Kujawski, Adam"]
[WhiteFideId "6500145"]
[BlackFideId "1100920"]
[WhiteElo "2199"]
[BlackElo "2054"]
[Result "1-0"]
[Round "07"]
[TimeControl "180+2"]
[Date "2023.05.09"]
[WhiteClock "0:01:39"]
[BlackClock "0:00:25"]

1. d4 Nf6 2. b3 d5 3. g3 g6 4. Bg2 Bg7 5. Bb2 O-O 6. Nd2 b5 7. a4 b4 8. e4 Bb7 9. e5 Ne4 10. f3 Nxd2 11. Qxd2 c5 12. f4 a5 13. Ne2 Qc8 14. dxc5 Nd7 15. O-O-O Nxc5 16. Kb1 Rd8 17. Nd4 e6 18. h4 Ne4 19. Qe3 Qc5 20. h5 Rac8 21. hxg6 Qxc2+ 22. Nxc2 1-0


[Site "https://www.chess.com"]

[Event "Titled Tuesday Blitz May 9 Late 2023"]
[White "K2JW"]
[Black "Romero Ruscalleda, Josep"]
[BlackFideId "2231859"]
[WhiteElo "2390"]
[BlackElo "2183"]
[Result "1-0"]
[Round "07"]
[TimeControl "180+2"]
[Date "2023.05.09"]
[WhiteClock "0:00:16"]
[BlackClock "0:00:10"]

1. e4 g6 2. d4 Bg7 3. c4 d6 4. Nc3 e5 5. Nf3 Nc6 6. d5 Nce7 7. h3 f5 8. exf5 gxf5 9. Be3 Nf6 10. Qc2 O-O 11. O-O-O a6 12. g4 fxg4 13. hxg4 Bxg4 14. Be2 Bf5 15. Qd2 b5 16. Rdg1 b4 17. Bh6 Bg6 18. Nd1 Nf5 19. Bxg7 Nxg7 20. Nh4 Qe8 21. Qh6 b3 22. axb3 Rb8 23. Nxg6 hxg6 24. Rxg6 Qxg6 25. Qxg6 Rf7 26. Ne3 Kf8 27. Rh8+ Ng8 28. Ng4 Rxb3 29. Nh6 Ke7 30. Nxg8+ Kf8 31. Nh6+ Ke7 32. Qxf7# 1-0


[Site "https://www.chess.com"]